 Dungeon Crawl Stone Soup version 0.31-a0-231-g51bb95cda3 (webtiles) character file.

Game seed: 4826077341223252614

226 qw the Shooter (level 6, -1/37 HPs)
             Began as a Gargoyle Hexslinger on July 6, 2023.
             Slain by a wight
             ... wielding a +0 trident
              (4 damage)
             ... on level 3 of the Dungeon.
             The game lasted 00:00:51 (1991 turns).

qw the Shooter (Gargoyle Hexslinger)                Turns: 1991, Time: 00:00:51

Health: -1/37      AC:  8    Str: 11    XL:     6   Next: 1%
Magic:  7/7        EV: 12    Int: 14    God:
Gold:   114        SH:  0    Dex: 14    Spells: 6/7 levels left

rFire   . . .        a - +0 longbow
rCold   . . .        (shield currently unavailable)
rNeg    + . .        c - +0 robe
rPois   inf          b - +1 helmet
rElec   +            (no cloak)
rCorr   .            (no gloves)
SInv    .            (no boots)
Will    .....        (no amulet)
Stlth   +            (no ring)
HPRegen 0.26/turn    (no ring)
MPRegen 0.10/turn

%: no passive effects
@: no status effects
A: sickness immunity, AC +4, negative energy resistance 1, electricity
resistance, torment resistance 1, petrification resistance
a: no special abilities


You were on level 3 of the Dungeon.
You visited 1 branch of the dungeon, and saw 3 of its levels.

You collected 134 gold pieces.
You spent 20 gold pieces at shops.


Innate Abilities, Weirdness & Mutations

You are immune to sickness and miasma.
Your stone body is resilient. (AC +4)
You are immune to poison.
You resist negative energy. (rN+)
You are resistant to electric shocks. (rElec)
You are resistant to unholy torment.
You are immune to petrification.


   Skills:
 - Level 3.1 Fighting
 + Level 5.3 Ranged Weapons
 - Level 1.5 Dodging
 - Level 1.0 Spellcasting
 - Level 2.6 Hexes


You had 6 spell levels left.
You knew the following spells:

 Your Spells              Type           Power      Damage    Failure   Level
a - Slow                  Hex            32%        N/A       9%          1

Your spell library contained the following spells:

 Spells                   Type           Power      Damage    Failure   Level
 Inner Flame              Hex/Fire       4%         N/A       41%         3
 Portal Projectile        Hex/Tloc       8%         N/A       41%         3
 Cause Fear               Hex            4%         N/A       65%         4

Inventory:

Hand Weapons
 a - a +0 longbow (weapon)
Armour
 b - a +1 helmet (worn)
 c - a +0 robe (worn)
 g - a +0 pair of gloves
Scrolls
 e - a scroll of identify
Potions
 d - a potion of curing
 f - a potion of lignification {unknown}

Dungeon Overview and Level Annotations

Branches:
Dungeon (3/15)

Altars:

Shops:
D:1 *

Annotations:
D:2 1 runed translucent door, Crazy Yiuf


Message History

You start resting.
HP restored.
Things that are here:
a +5 short sword; a +0 robe
Enter note:
Enter note:
Enter note:
Enter note: 2 wights come into view.
A wight is wielding a +3 morningstar of freezing.
Found an embroidered robe.
Enter note:
Enter note:
Enter note:
Enter note: You shoot an arrow.
The arrow closely misses the wight.
A wight comes into view. It is wielding a +1 battleaxe.
You shoot an arrow. The arrow hits the wight.
The wight is lightly damaged.
The wight hits you with a +0 mace.
A wight comes into view. It is wielding a +0 trident.
You shoot an arrow. The arrow closely misses the wight.
You shoot an arrow. The arrow hits the wight!
The wight is severely damaged.
The wight hits you with a +1 battleaxe. The wight barely misses you.
The wight closely misses you. The wight hits you but does no damage.
You shoot an arrow.
The arrow hits the wight but does no damage.
The wight is severely damaged.
The wight misses you. The wight hits you with a +1 battleaxe!
The wight hits you from afar with a +0 trident!
You shoot an arrow. The arrow hits the wight!
You destroy the wight!
The wight barely misses you. The wight hits you with a +0 mace.
Your Fighting skill increases to level 3!
You have reached level 6!
You shoot an arrow. The arrow hits the wight!
The wight is almost destroyed.
The wight hits you from afar with a +0 trident.
You die...

###........
#.......###
#.#.#...##
#.#......#
######.#.#...##
######......%.##..#
#......)###.####..#
#.####..# #.####..#
#)@...# #.......#
#z###.# #####...##
#z #.# ##.....## .z
..# ##.......# ##.
..# #......... ..
... +......... #.
.# #........% #.
##.......#
##.....##


You could see 3 wights.

Vanquished Creatures
  2 wights (D:3)
  Robin (D:2)
  3 adders (D:2)
  2 dart slugs (D:3)
  8 ball pythons
  6 bats
  2 endoplasms (D:2)
  2 giant cockroaches
  19 goblins
  11 hobgoblins
  3 jackals (D:1)
  4 quokkas
  3 frilled lizards
  3 kobolds
  3 rats
72 creatures vanquished.

Notes
Turn   | Place    | Note
-------+----------+-------------------------------------------
     0 | D:1      | qw the Gargoyle Hexslinger began the quest for the Orb.
     0 | D:1      | Reached XP level 1. HP: 12/12 MP: 2/2
     0 | D:1      | 0 ||| qw: Version: 0.3-a-46-gb1f654a
     0 | D:1      | 0 ||| qw: Game counter: 1900
     0 | D:1      | 0 ||| qw: Melee chars always use a shield: true
     0 | D:1      | 0 ||| qw: God list: Okawaru
     0 | D:1      | 0 ||| qw: Allow faded altars: false
     0 | D:1      | 0 ||| qw: Do Orc after clearing Dungeon:15 true
     0 | D:1      | 0 ||| qw: Do second Lair branch before Depths: true
     0 | D:1      | 0 ||| qw: Lair rune preference: random
     0 | D:1      | 0 ||| qw: Goals: Normal
     0 | D:1      | 0 ||| PLANNING D:1-11
    49 | D:1      | Reached XP level 2. HP: 16/16 MP: 3/3
   140 | D:1      | Reached skill level 3 in Ranged Weapons
   241 | D:1      | Reached XP level 3. HP: 20/21 MP: 4/4
   318 | D:1      | Found Rifuc's General Store.
   326 | D:1      | 326 ||| BUYING scroll of identify (20 gold).
   326 | D:1      | Bought a scroll of identify for 20 gold pieces
   536 | D:1      | 536 ||| READING 2 scrolls of identify.
   536 | D:1      | 536 ||| IDENTIFYING lumpy coppery potion
   537 | D:1      | 537 ||| DROPPING scroll of poison.
   538 | D:1      | 538 ||| DROPPING potion of degeneration.
   700 | D:2      | Reached XP level 4. HP: 17/26 MP: 5/5
   702 | D:2      | 702 ||| FLEEEEING.
   703 | D:2      | 703 ||| FLEEEEING.
   715 | D:2      | 715 ||| FLEEEEING.
   716 | D:2      | 716 ||| FLEEEEING.
   717 | D:2      | 717 ||| FLEEEEING.
   718 | D:2      | 718 ||| FLEEEEING.
   723 | D:2      | 723 ||| FLEEEEING.
   724 | D:2      | 724 ||| FLEEEEING.
   750 | D:2      | Noticed Robin
   752 | D:2      | Reached skill level 4 in Ranged Weapons
   766 | D:2      | Killed Robin
  1156 | D:2      | Found a runed translucent door.
  1157 | D:2      | Noticed Crazy Yiuf
  1599 | D:2      | 1599 ||| UPGRADING to +0 helmet.
  1604 | D:2      | 1604 ||| READING scroll labelled OXETURESI RIPU.
  1605 | D:2      | 1605 ||| READING 2 scrolls of identify.
  1605 | D:2      | 1605 ||| IDENTIFYING white potion
  1686 | D:3      | Found a faded altar of an unknown god.
  1744 | D:3      | 1744 ||| SWAPPING to +0 longbow.
  1748 | D:3      | 1748 ||| DROPPING +1 sling.
  1789 | D:3      | 1789 ||| DROPPING ring of magical power.
  1839 | D:3      | Reached XP level 5. HP: 30/30 MP: 6/6
  1915 | D:3      | 1915 ||| READING scroll of enchant armour.
  1915 | D:3      | 1915 ||| ENCHANTING +0 helmet.
  1961 | D:3      | Reached skill level 5 in Ranged Weapons
  1989 | D:3      | HP: 7/30 [wight/+0 trident (7)]
  1990 | D:3      | HP: 2/30 [wight/+0 mace (5)]
  1991 | D:3      | Reached skill level 3 in Fighting
  1991 | D:3      | Reached XP level 6. HP: 3/37 MP: 7/7
  1991 | D:3      | Slain by a wight

Levels and vault maps discovered:
D:1:      amcnicky_arrival_flooded_fountain, layout_basic, serial_shops,
          nicolae_shop_temple_entry_statues_fountains
D:2:      layout_loops_corners, st_stairs_9, uniq_robin, uniq_crazy_yiuf_cottage
D:3:      layout_loops_corners, nicolae_overflow_hidden_temple,
          basic_ecumenical_altar, minmay_misc_feat_five

Skill      XL: |  1  2  3  4  5 |
---------------+----------------+-----
Ranged Weapons | 3 4 5 |  5.3
Fighting       | 2 3 |  3.1
Dodging        | |  1.5
Spellcasting   | |  1.0
Hexes          | |  2.6

Action                     |  1- 3 |  4- 6 || total
---------------------------+-------+-------++-------
   Fire: Sling             |   125 |    48 ||   173
         Longbow           |       |    37 ||    37
    Use: Scroll            |     1 |     3 ||     4
 Armour: Robe              |    22 |    11 ||    33
  Dodge: Dodged            |    52 |    17 ||    69

Table legend:
 A = Non-vault XP
 B = Vault XP
 C = Vault XP percentage of total XP
 D = Non-vault monster count
 E = Vault monster count
 F = Vault count percentage of total count
                 A         B        C        D         E       F
            +---------+---------+-------+---------+---------+-------
      Total |     281 |      42 |  13.0 |      58 |      14 |  19.4
            +---------+---------+-------+---------+---------+-------
        D:1 |      49 |       0 |   0.0 |      28 |       0 |   0.0
        D:2 |      61 |      42 |  40.8 |      17 |      14 |  45.2
        D:3 |     171 |       0 |   0.0 |      13 |       0 |   0.0
            +---------+---------+-------+---------+---------+-------
